Map: King's Cove LE

Players

lIIllllIIlll (INnoVation)

  • Race: Terran Terran
  • Spawn Location: 11:00

Serral - Winner!

  • Race: Zerg Zerg
  • League: Grandmaster
  • Spawn Location: 5:00

Event: 2019 Assembly Summer

VOD

Have the link to the VOD?

Description

Time

  • Played on: Aug. 1, 2019, 7:40 a.m.
  • Length: 32:53

All games in this series

Show
View Real Time Build Order
Export as new Build Order

lIIllllIIlll Terran 

Build Orders: Liberator Opening, Reaper Expand 

Get SALT Encoding   

  12  0:00  SCV  
  13  0:12  SCV  
  14  0:18  Supply Depot  
  14  0:24  SCV  
  15  0:39  SCV  
  15  0:41  Barracks  
  16  0:44  Refinery  
  16  0:51  SCV  
  17  1:03  SCV  
  18  1:15  SCV  
  19  1:28  Reaper, Orbital Command  
  20  1:41  Command Center  
  20  1:53  Supply Depot, SCV  
  21  1:59  Marine  
  22  2:05  SCV  
  23  2:09  Factory  
  23  2:15  Refinery  
  23  2:18  SCV  
  23  2:20  Barracks Reactor  
  24  2:30  SCV  
  25  2:42  SCV  
  26  2:54  Orbital Command  
  26  2:55  Starport, SCV  
  27  3:01  Hellion  
  27  3:02  Hellion  
  32  3:07  Barracks Tech Lab, SCV  
  32  3:13  Liberator  
  32  3:19  SCV  
  33  3:20  SCV  
  33  3:23  Hellion x2  
  38  3:32  Supply Depot  
  41  3:35  SCV  
  41  3:36  SCV  
  41  3:40  Marine  
  44  3:48  SCV x2  
  44  3:50  Hellion  
  44  3:55  Hellion  
  48  3:58  Supply Depot  
  48  4:01  SCV  
  48  4:02  SCV  
  50  4:03  Liberator  
  50  4:11  Hellion  
  50  4:16  Hellion  
  54  4:20  SCV x2  
  54  4:23  Supply Depot  
  59  4:25  Stimpack, Marine  
  60  4:32  SCV x2  
  62  4:43  Command Center  
  62  4:45  Factory Tech Lab, SCV  
  63  4:47  Marine, SCV  
  65  4:56  Supply Depot  
  65  5:00  SCV x2  
  65  5:01  Barracks  
  65  5:04  Starport Reactor  
  67  5:09  Marine  
  67  5:11  Barracks  
  60  5:14  SCV  
  60  5:15  SCV  
  60  5:20  Engineering Bay  
  60  5:21  Engineering Bay  
  59  5:27  SCV x2  
  61  5:32  Marine  
  58  5:39  Refinery, SCV x2  
  58  5:40  Siege Tank, Refinery  
  59  5:48  Terran Infantry Armor Level 1, Terran Infantry Weapons Level 1  
  59  5:51  Marine x2, SCV x2  
  59  5:53  Starport Reactor  
  63  5:57  Orbital Command  
  63  6:01  Marine  
  63  6:03  SCV x2  
  66  6:06  Marine  
  66  6:07  Marine  
  68  6:15  Orbital Command, SCV x2  
  70  6:19  Marine x3  
  70  6:24  Factory Reactor, Marine, Barracks  
  74  6:25  Barracks  
  74  6:26  Combat Shield  
  74  6:27  SCV x2  
  74  6:30  Medivac x2  
  80  6:39  SCV x2  
  82  6:42  SCV  
  82  6:44  Supply Depot x2  
  80  6:48  Marine x5  
  80  6:51  SCV x2  
  80  6:54  SCV  
  88  6:55  Armory  
  88  6:58  Factory  
  88  6:59  Refinery  
  88  7:01  Refinery  
  88  7:05  SCV x2  
  88  7:06  Marine x4, SCV  
  88  7:07  Supply Depot, Marine  
  96  7:09  Supply Depot  
  96  7:10  Widow Mine  
  96  7:11  Widow Mine  
  96  7:12  Barracks Reactor  
  96  7:13  Barracks Reactor  
  100  7:16  Medivac  
  100  7:17  Medivac  
  100  7:19  SCV x2  
  100  7:20  SCV  
  98  7:31  Supply Depot, SCV x2  
  98  7:33  Supply Depot, Widow Mine x2, SCV  
  98  7:34  Marine x3  
  98  7:35  Marine  
  98  7:36  Marine  
  110  7:41  Missile Turret  
  110  7:43  Drilling Claws  
  112  7:44  Widow Mine  
  112  7:50  Terran Infantry Weapons Level 2  
  112  7:51  Marine  
  112  7:52  Terran Infantry Armor Level 2  
  112  7:56  Terran Vehicle And Ship Armor Level 1  
  112  7:57  Widow Mine  
  115  7:59  Widow Mine  
  115  8:01  Marine x2  
  115  8:05  Marine x2  
  119  8:06  Marine x2  
  123  8:14  Missile Turret  
  123  8:17  Command Center  
  123  8:25  Medivac  
  123  8:26  Medivac, Widow Mine  
  123  8:27  Widow Mine  
  126  8:28  Widow Mine  
  126  8:31  Marine  
  129  8:37  Supply Depot x2, SCV x3  
  132  8:46  Marine x5  
  132  8:48  Widow Mine x2  
  141  8:54  Concussive Shells  
  141  8:58  Marine x2, SCV x2  
  141  8:59  Supply Depot, Widow Mine, SCV  
  141  9:00  Medivac  
  141  9:01  Medivac  
  151  9:06  Supply Depot  
  151  9:09  Widow Mine  
  154  9:10  Widow Mine  
  154  9:12  Marauder  
  155  9:20  Widow Mine  
  155  9:21  SCV x3  
  156  9:31  Widow Mine x2  
  156  9:32  Planetary Fortress  
  156  9:33  SCV x3  
  156  9:36  Medivac x2  
  156  9:37  Marauder  
  165  9:42  Widow Mine  
  165  9:45  SCV x2  
  157  9:49  Marine x4  
  154  9:55  Terran Vehicle And Ship Armor Level 2  
  154  9:59  Marauder  
  149  10:03  Siege Tank  
  152  10:07  Barracks, Widow Mine x2  
  152  10:09  Barracks  
  152  10:10  Barracks  
  152  10:16  Medivac x2  
  154  10:27  Marine x5  
  154  10:28  Marine x3, Marauder  
  164  10:30  Widow Mine x2  
  164  10:33  Refinery  
  164  10:34  Refinery, Sensor Tower  
  164  10:35  Siege Tank  
  171  10:36  Terran Infantry Weapons Level 3  
  171  10:39  Terran Infantry Armor Level 3  
  170  10:58  Liberator, Barracks Tech Lab  
  170  10:59  Marine x5, Barracks Tech Lab x2, Marauder  
  170  11:00  Command Center  
  170  11:03  Starport  
  177  11:07  Starport  
  173  11:16  Fusion Core  
  172  11:20  Marauder x4  
  172  11:23  Siege Tank  
  182  11:27  SCV x3  
  182  11:32  Ghost Academy  
  185  11:33  Marine  
  185  11:34  Marine x2  
  185  11:37  Liberator  
  188  11:40  Supply Depot  
  188  11:41  Supply Depot  
  188  11:44  Marauder  
  188  11:45  Marauder  
  177  11:48  Starport Reactor, Starport Tech Lab, Marine  
  177  11:49  Marine x2, Marauder x2  
  179  12:00  Marine  
  179  12:01  Marine  
  182  12:05  Marauder  
  182  12:06  Marauder  
  182  12:07  Marine x6  
  192  12:10  Advanced Ballistics, Marine x2  
  192  12:13  Planetary Fortress  
  183  12:20  Viking x2  
  187  12:29  Terran Ship Weapons Level 1, Viking x2  
  190  12:33  Refinery x2  
  190  12:36  Ghost  
  192  12:39  Ghost  
  194  12:45  Ghost  
  194  12:46  Command Center  
  196  12:52  Personal Cloaking  
  187  13:04  Viking x4  
  193  13:06  Viking  
  193  13:12  Missile Turret x2  
  195  13:13  Missile Turret  
  191  13:31  Ghost x4  
  191  13:32  Marine  
  200  13:36  Command Center  
  200  13:37  Command Center  
  200  13:43  Neosteel Armor  
  200  13:44  Hi-Sec Auto Tracking, Missile Turret x2  
  200  13:53  Ghost Academy x2  
  200  13:56  Ghost Academy  
  200  13:57  Ghost Academy  
  200  14:01  Missile Turret  
  200  14:05  Viking  
  199  14:16  Missile Turret  
  199  14:18  Nuke, Missile Turret  
  199  14:23  Terran Vehicle Weapons Level 1  
  196  14:27  Viking x3  
  196  14:28  Viking, Ghost x3  
  195  14:34  Liberator  
  195  14:40  Planetary Fortress  
  195  14:46  Nuke x4  
  198  14:56  Marauder  
  198  14:58  Orbital Command  
  198  14:59  Orbital Command  
  200  15:11  Missile Turret  
  200  15:12  Missile Turret  
  200  15:18  Missile Turret  
  200  15:20  Missile Turret  
  198  15:30  Command Center  
  198  15:32  Marauder  
  198  15:37  Marine x2  
  198  15:40  Ghost  
  198  15:41  Ghost  
  196  15:47  Command Center  
  195  15:51  Command Center  
  195  15:53  Ghost  
  197  15:57  Ghost  
  192  16:04  Nuke  
  192  16:05  Liberator x2  
  192  16:08  Marine x4  
  192  16:09  Marine, Ghost x2  
  193  16:16  Terran Ship Weapons Level 2  
  192  16:21  Ghost  
  197  16:27  Marauder  
  197  16:30  Starport Reactor  
  197  16:38  Marauder  
  197  16:39  Nuke  
  199  16:40  Nuke  
  199  16:42  Marine  
  199  16:43  Marine  
  199  17:01  Ghost Academy, Marauder x2  
  199  17:02  Marine  
  199  17:03  Ghost Academy  
  199  17:07  Marine  
  199  17:11  Marauder x2  
  199  17:12  Orbital Command x2  
  200  17:17  Refinery  
  200  17:20  Refinery  
  198  17:31  Marine x2, Command Center, Marauder x2  
  200  17:39  Missile Turret  
  200  17:40  Missile Turret x3  
  200  17:41  Missile Turret  
  191  17:51  Marauder  
  191  17:52  Marauder x2  
  191  17:53  Marine  
  198  18:02  Marauder  
  200  18:09  Marine  
  200  18:10  Marine  
  200  18:15  Barracks x2  
  200  18:18  Barracks  
  198  18:21  Nuke x6  
  195  18:27  Marauder  
  195  18:28  Marine, Marauder  
  200  18:38  Command Center  
  200  18:45  Liberator  
  175  18:57  Ghost x4  
  175  18:59  Marine x8  
  175  19:02  Medivac x2  
  181  19:03  Viking x2  
  181  19:09  Barracks Tech Lab  
  184  19:13  Barracks Tech Lab x2  
  182  19:22  Marine x4  
  186  19:26  Marauder x4  
  186  19:28  Liberator  
  192  19:32  Marauder x3  
  198  19:40  Terran Ship Weapons Level 3  
  194  19:47  Marauder  
  194  19:48  Marauder x3  
  187  20:01  Medivac x2  
  191  20:09  Ghost x2  
  191  20:10  Ghost x2  
  191  20:13  Ghost  
  193  20:17  Marine x2  
  193  20:21  Marine x2  
  195  20:22  Marauder  
  199  20:38  SCV  
  200  20:51  Command Center  
  200  20:52  Command Center  
  200  21:06  Planetary Fortress  
  200  21:09  Sensor Tower  
  197  21:13  Marauder  
  197  21:14  Marine, Marauder x2  
  197  21:15  Marine x7  
  177  21:20  Marine x4  
  171  21:32  Marine  
  172  21:34  Sensor Tower  
  172  21:35  Marine x2, Missile Turret x2, Marauder x3  
  172  21:38  Marauder  
  172  21:39  Marauder x2  
  183  21:43  Marine x2  
  183  21:44  Marine  
  183  21:45  SCV  
  184  21:55  Marauder  
  184  21:56  Marauder  
  184  21:58  Marauder x2  
  184  21:59  Marine x4  
  196  22:04  Marauder x2  
  187  22:17  Terran Vehicle And Ship Armor Level 3  
  187  22:18  Marauder  
  187  22:19  Marauder x2  
  187  22:21  Marine x6  
  199  22:29  Liberator  
  190  22:30  Liberator x3  
  199  22:34  Marine x2  
  199  22:35  Marine x2, Marauder x2  
  199  22:36  Orbital Command  
  191  22:46  Medivac x2  
  191  22:49  Marine, Marauder  
  200  22:54  Missile Turret x2  
  195  22:58  Marine  
  195  22:59  Marauder x2  
  195  23:00  Command Center  
  197  23:21  Marauder  
  197  23:22  Missile Turret  
  199  23:27  Marine  
  199  23:33  Nuke x6  
  200  23:51  Ghost  
  200  23:57  Liberator x2  
  193  24:04  Marauder  
  193  24:05  Marine x5, Marauder x2  
  179  24:10  Nuke  
  179  24:12  Medivac  
  179  24:13  Medivac x3  
  179  24:15  Marine x4  
  179  24:16  Marauder x2  
  194  24:25  Liberator x2  
  180  24:32  Marine, Marauder x2  
  180  24:33  Marine x4, Ghost, Marauder x2  
  180  24:37  Ghost x2  
  192  24:43  Nuke x2, Viking x2  
  200  24:52  Ghost  
  197  24:57  Viking x2  
  198  25:02  Refinery  
  198  25:03  Refinery  
  198  25:05  Nuke  
  198  25:08  Marauder  
  198  25:12  Marine x2, Marauder x2  
  198  25:13  Marine x2, Marauder  
  200  25:14  Marine x2  
  200  25:16  Marine x2  
  200  25:27  Missile Turret  
  200  25:28  Missile Turret x3  
  197  25:48  Nuke  
  197  25:51  Nuke  
  197  25:56  Viking  
  198  26:18  Viking x3  
  193  26:20  Ghost x3  
  193  26:21  Ghost x2  
  191  26:30  Viking x3  
  191  26:31  Marine x4  
  178  26:38  Ghost  
  178  26:39  Marine, Marauder  
  182  26:40  Marine x3  
  182  26:42  Nuke  
  182  26:43  Nuke x4  
  182  26:48  Viking, Marine  
  182  26:49  Viking x2, Ghost x2, Marine  
  194  26:57  Nuke x2  
  194  27:00  Viking x3  
  175  27:08  Marine x2, Marauder x2  
  175  27:11  Marine  
  177  27:16  Marine  
  177  27:18  Medivac  
  180  27:25  Marine x7  
  180  27:26  Marauder, Widow Mine  
  180  27:27  Widow Mine x2  
  195  27:49  Marauder x2  
  198  28:01  Marine x3  
  198  28:05  Marauder x4  
  186  28:08  Marine x6  
  186  28:11  Marauder x2  
  177  28:21  Medivac x2  
  177  28:22  Viking x3  
  177  28:26  Marauder x2  
  177  28:27  Marauder x2  
  179  28:28  Marine x6  
  177  28:48  Marine x2  
  177  28:49  Marine x2, Marauder x2  
  185  29:01  Marauder  
  185  29:02  Marauder  
  189  29:04  Marine  
  189  29:05  Marine  
  189  29:09  Viking  
  190  29:21  Widow Mine  
  190  29:22  Marine, Widow Mine  
  190  29:23  Marine x2  
  172  29:40  Viking  
  172  29:41  Viking  
  174  29:49  Planetary Fortress  
  174  29:53  Nuke  
  174  29:58  Viking  
  176  30:14  Marine x6  
  176  30:15  Marine  
  176  30:16  Marine  
  176  30:17  Marine, Refinery  
  176  30:18  Refinery  
  185  30:24  Marine x3  
  182  30:32  Marine  
  181  30:44  Viking  
  181  30:45  Marine  
  181  30:46  Marine x5  
  181  30:49  Viking  
  184  30:51  Marine  
  184  30:52  Marine x5  
  187  31:00  Viking  
  187  31:03  Marine  
  187  31:04  Marine x3  
  193  31:09  Viking  
  193  31:10  Marine x3  
  193  31:11  Marine x5  
  170  31:21  Marine x3  
  120  31:37  Marine x9  
  120  31:39  Marine x3  
  132  31:52  Medivac x2  
  134  31:54  Marine  
  134  31:55  Marine x5  
  134  31:58  Marauder x3  
  135  32:02  Marine x3  
  132  32:12  Marine  
  132  32:13  Marine, Marauder  
  136  32:19  Marauder  
  121  32:24  Marine x4  
  121  32:28  Marine  
  107  32:33  Marine  
Show
View Real Time Build Order
Export as new Build Order

Serral Zerg - Winner!

Build Orders: Hatch First 

Get SALT Encoding   

  12  0:00  Drone  
  13  0:13  Overlord  
  13  0:17  Drone  
  14  0:31  Drone x2  
  16  0:50  Hatchery  
  16  0:52  Drone  
  16  0:56  Drone  
  17  0:59  Drone  
  18  1:10  Extractor  
  17  1:15  Spawning Pool  
  17  1:18  Drone  
  17  1:21  Drone  
  18  1:28  Drone  
  19  1:39  Drone  
  20  2:00  Overlord  
  20  2:01  Queen  
  20  2:02  Zergling x4  
  20  2:03  Queen  
  26  2:12  Drone x2  
  26  2:13  Metabolic Boost  
  28  2:25  Drone x2  
  30  2:41  Hatchery  
  29  2:45  Queen  
  29  2:49  Drone  
  32  2:51  Drone  
  32  2:55  Overlord  
  33  2:59  Drone  
  33  3:00  Drone  
  33  3:04  Drone  
  36  3:14  Drone x2  
  36  3:15  Overlord  
  36  3:16  Drone  
  36  3:17  Drone  
  40  3:21  Zergling x4  
  40  3:26  Queen  
  44  3:35  Overlord  
  44  3:36  Drone  
  44  3:40  Drone  
  46  3:43  Overlord  
  46  3:46  Drone x3  
  48  3:53  Queen  
  48  3:54  Zergling x4  
  52  3:56  Zergling x2  
  52  4:00  Overlord  
  52  4:08  Baneling Nest, Queen  
  53  4:10  Zergling x2  
  53  4:13  Zergling x2  
  53  4:14  Drone  
  53  4:15  Drone  
  57  4:17  Drone  
  57  4:20  Drone x2  
  60  4:25  Spore Crawler  
  60  4:26  Zergling x2  
  60  4:27  Zergling x2  
  60  4:30  Drone  
  61  4:32  Spore Crawler, Drone  
  61  4:35  Drone  
  63  4:38  Drone x3  
  63  4:43  Lair  
  65  4:48  Spore Crawler  
  65  4:49  Drone x2  
  65  4:52  Baneling x3  
  66  4:55  Drone x2  
  66  4:59  Drone  
  70  5:00  Drone  
  70  5:01  Drone  
  70  5:04  Zergling x6  
  74  5:09  Baneling x3  
  70  5:14  Zergling x6  
  70  5:16  Drone  
  74  5:23  Extractor x2  
  74  5:24  Queen  
  74  5:25  Extractor x2  
  72  5:30  Drone x6  
  72  5:36  Drone x2  
  74  5:43  Overlord  
  74  5:48  Overlord  
  74  5:49  Overseer  
  74  5:58  Overlord  
  74  5:59  Drone x2  
  74  6:02  Drone x3  
  74  6:03  Evolution Chamber x2  
  74  6:04  Centrifical Hooks  
  75  6:05  Drone x6  
  81  6:14  Hatchery  
  81  6:15  Drone  
  81  6:19  Drone x2  
  83  6:25  Drone  
  83  6:26  Drone  
  83  6:28  Baneling  
  83  6:29  Baneling x4, Zergling x4  
  87  6:39  Zerg Melee Weapons Level 1  
  87  6:40  Zerg Ground Armor Level 1  
  87  6:42  Zergling x8  
  87  6:43  Zergling x4  
  87  6:44  Zergling x2  
  94  6:48  Overlord x2  
  94  6:56  Zergling x6  
  94  7:00  Baneling  
  97  7:01  Drone  
  97  7:02  Overlord, Extractor  
  97  7:07  Overseer, Drone x3  
  97  7:08  Zergling x12  
  106  7:14  Drone, Hydralisk Den  
  106  7:15  Zergling x2  
  107  7:21  Zergling x2  
  108  7:29  Drone x3  
  108  7:33  Drone x7, Queen  
  117  7:39  Drone, Overlord x2  
  117  7:40  Pneumatized Carapace, Overlord  
  117  7:41  Infestation Pit  
  117  7:47  Drone x3  
  117  7:49  Muscular Augments  
  117  7:50  Hydralisk, Baneling x2  
  122  7:52  Overseer  
  122  7:54  Overseer  
  122  8:03  Overseer  
  122  8:04  Baneling x3  
  122  8:05  Hydralisk x5, Baneling  
  122  8:11  Drone  
  122  8:12  Drone x3  
  136  8:26  Infestor  
  131  8:27  Infestor  
  131  8:31  Drone  
  131  8:32  Drone x3, Extractor  
  131  8:33  Overlord x4  
  136  8:34  Hydralisk x3  
  136  8:35  Hatchery  
  136  8:38  Baneling x3  
  136  8:39  Baneling x4  
  141  8:44  Overlord  
  141  8:45  Hydralisk  
  143  8:50  Hive  
  143  8:52  Zergling x2  
  143  8:53  Zergling x8  
  143  8:54  Spire  
  147  8:57  Zergling x10  
  152  9:09  Drone  
  153  9:10  Drone x3, Extractor  
  153  9:11  Zerg Melee Weapons Level 2, Zerg Ground Armor Level 2  
  153  9:12  Zergling x2  
  153  9:13  Zergling x6  
  155  9:22  Drone x4  
  155  9:23  Drone x6  
  155  9:32  Zergling x2  
  155  9:33  Zergling x10  
  160  9:46  Zergling x12  
  163  9:55  Zergling x2  
  163  9:56  Zergling x12  
  163  10:05  Spore Crawler, Queen  
  163  10:06  Drone x3  
  167  10:08  Greater Spire  
  164  10:15  Hydralisk x2, Zergling x12  
  164  10:16  Zergling x2  
  164  10:17  Baneling x5  
  164  10:18  Baneling x3, Spine Crawler  
  164  10:20  Spore Crawler  
  168  10:22  Drone x3  
  168  10:25  Zergling x8  
  175  10:29  Zergling x8  
  175  10:35  Overlord x2  
  179  10:36  Zergling x10  
  179  10:42  Baneling x6  
  184  10:43  Baneling x18  
  184  10:44  Baneling x2  
  184  10:45  Baneling x3  
  184  10:46  Baneling x2  
  184  10:52  Overlord x2  
  184  10:57  Drone x3  
  178  11:13  Drone x4  
  178  11:16  Hydralisk x2  
  178  11:17  Zergling x14  
  178  11:18  Zergling x14  
  190  11:24  Zergling x12  
  195  11:28  Baneling x8  
  195  11:30  Zerg Flyer Weapons Level 1  
  195  11:32  Zergling x8  
  189  11:48  Zergling x18  
  189  11:49  Zergling x4  
  197  12:00  Zerg Melee Weapons Level 3, Zerg Ground Armor Level 3  
  189  12:10  Corruptor x6  
  189  12:15  Corruptor x3  
  194  12:21  Extractor x2  
  192  12:36  Pathogen Glands  
  190  12:45  Brood Lord x4  
  198  12:54  Spore Crawler  
  198  12:55  Spore Crawler x4, Brood Lord x3  
  194  13:00  Brood Lord x2  
  198  13:08  Overlord x2  
  194  13:22  Drone x2  
  194  13:25  Hatchery  
  194  13:27  Drone x2  
  196  13:36  Drone x3  
  199  13:42  Spore Crawler  
  199  13:43  Spore Crawler, Spine Crawler  
  199  13:44  Spore Crawler, Zerg Flyer Weapons Level 2  
  199  13:46  Spire  
  199  13:47  Spore Crawler  
  193  13:48  Spore Crawler  
  193  13:50  Spore Crawler  
  193  13:54  Neural Parasite  
  191  13:56  Burrow  
  191  13:57  Infestor x4  
  192  14:26  Zergling x6  
  192  14:27  Zergling x2  
  192  14:28  Infestor  
  192  14:29  Infestor x2  
  197  14:37  Zerg Missile Weapons Level 1  
  197  14:42  Overseer  
  197  14:56  Extractor  
  197  14:58  Viper  
  199  15:00  Spore Crawler  
  199  15:02  Spore Crawler  
  199  15:03  Spine Crawler  
  196  15:10  Zerg Flyer Armor Level 1  
  196  15:17  Drone x4  
  197  15:29  Spore Crawler x2  
  197  15:30  Spore Crawler x2  
  197  15:31  Spore Crawler  
  197  15:33  Spore Crawler  
  191  15:35  Hatchery  
  191  15:37  Spore Crawler  
  191  15:38  Spore Crawler  
  185  15:43  Hydralisk x2  
  185  15:44  Zergling x2  
  185  15:45  Zergling x18  
  188  16:06  Viper x2  
  188  16:07  Corruptor x3  
  188  16:09  Overseer x2  
  198  16:35  Spore Crawler  
  198  16:38  Spore Crawler, Zerg Flyer Weapons Level 3  
  198  16:39  Spore Crawler  
  195  16:45  Spore Crawler, Drone x3  
  195  16:46  Spore Crawler x2  
  195  16:51  Corruptor x2  
  195  16:54  Overseer x3  
  193  17:31  Infestor  
  193  17:34  Baneling x9  
  193  17:35  Zergling x8  
  197  17:48  Hatchery  
  195  18:12  Corruptor x2  
  195  18:14  Infestor  
  195  18:16  Zerg Flyer Armor Level 2  
  199  18:34  Extractor  
  178  18:56  Zergling x2  
  178  18:57  Zergling x22  
  178  19:01  Hydralisk  
  178  19:02  Hydralisk x2, Zergling x2  
  175  19:03  Zergling x32  
  175  19:04  Overseer x2  
  175  19:05  Drone x3  
  175  19:08  Extractor  
  175  19:09  Drone x2  
  192  19:10  Drone, Infestor  
  192  19:15  Baneling x13  
  194  19:19  Corruptor, Brood Lord x2  
  188  20:10  Corruptor x2  
  188  20:14  Zergling x20  
  188  20:15  Baneling  
  188  20:16  Baneling  
  198  20:32  Baneling x13  
  198  20:39  Drone  
  198  20:40  Drone  
  199  20:42  Spore Crawler  
  193  21:15  Zergling x26  
  193  21:18  Zergling x26  
  200  21:24  Zergling x10  
  195  21:42  Zerg Flyer Armor Level 3  
  195  21:45  Brood Lord x2  
  199  21:47  Baneling x21  
  198  22:15  Hydralisk x3  
  182  22:16  Zergling x32  
  182  22:22  Baneling x6  
  197  22:27  Zergling x6  
  200  22:34  Hydralisk x2  
  199  22:41  Baneling x8  
  194  22:55  Hydralisk x3  
  197  23:17  Extractor  
  197  23:18  Extractor  
  197  23:19  Corruptor x2  
  195  23:23  Baneling x12  
  195  23:25  Infestor  
  195  23:26  Hatchery  
  190  24:05  Zergling x18  
  190  24:06  Zergling x18  
  190  24:07  Hydralisk x2  
  190  24:08  Zergling x12  
  185  24:25  Drone x5  
  185  24:26  Drone  
  185  24:30  Hydralisk x6  
  196  24:53  Drone  
  196  25:01  Baneling x2  
  196  25:03  Baneling x6  
  196  25:08  Drone x4  
  196  25:10  Spore Crawler  
  195  25:17  Corruptor  
  195  25:18  Corruptor x2  
  200  25:35  Overseer x2  
  191  25:58  Corruptor x4  
  181  26:33  Zergling x20  
  181  26:35  Corruptor  
  181  26:36  Corruptor x3  
  197  26:51  Overseer  
  180  27:02  Hatchery  
  178  27:12  Infestor x3  
  178  27:13  Extractor  
  183  27:18  Zergling x34  
  200  27:44  Spore Crawler  
  199  27:45  Spore Crawler, Baneling x10  
  199  27:46  Spore Crawler  
  199  27:47  Spore Crawler  
  180  27:59  Zergling x42  
  185  28:06  Zergling x2  
  185  28:07  Zergling x16  
  185  28:19  Baneling x8  
  185  28:20  Baneling x6  
  185  28:22  Infestor  
  185  28:24  Hydralisk x3  
  185  28:25  Zergling x12  
  199  28:49  Hatchery  
  199  28:51  Baneling x3  
  199  28:52  Baneling x5  
  190  29:24  Zergling x48  
  170  29:27  Brood Lord x3  
  196  29:37  Grooved Spines  
  182  29:49  Infestor  
  178  30:02  Drone x2  
  178  30:03  Drone x3  
  178  30:04  Drone x5  
  177  30:15  Infestor x2, Extractor  
  180  30:22  Drone x4  
  180  30:23  Drone x3  
  180  30:26  Zergling x22  
  180  30:27  Zergling x4  
  200  30:50  Extractor  
  200  30:51  Extractor  
  198  30:57  Baneling  
  198  30:58  Baneling x6  
  198  30:59  Zergling x4  
  200  31:08  Zergling x30  
  196  31:13  Zergling x2  
  196  31:14  Zergling x6  
  196  31:17  Baneling x9  
  178  31:32  Baneling x11  
  178  31:34  Infestor x2  
  178  31:35  Brood Lord  
  178  31:36  Brood Lord x3  
  178  31:37  Viper, Corruptor x2  
  197  31:40  Zergling x6  
  199  31:47  Overseer x2  
  199  31:54  Drone  
  184  32:03  Hatchery  
  184  32:04  Zergling x2  
  184  32:05  Zergling x22  
  191  32:20  Extractor  
Tags
 
Add a new tag
Caveats
  • Supply blocks, unpowered buildings, or Contaminate may cause inaccurate times.
  • Supply counts are checked every 10 seconds.